 Dungeon Crawl Stone Soup version 0.21.0-22-g11d5b52 (webtiles) character file.

1552 Axe the Cruncher (level 8, -6/56 HPs)
             Began as a Demonspawn Gladiator on Jan 18, 2018.
             Was an Initiate of Qazlal.
             Mangled by an orc warrior
             ... wielding a +0 hand axe
              (10 damage)
             ... on level 5 of the Dungeon.
             The game lasted 00:11:43 (7503 turns).

Axe the Cruncher (Demonspawn Gladiator)             Turns: 7503, Time: 00:11:44

Health: -6/56      AC:  6    Str: 17    XL:     8   Next: 57%
Magic:  8/8        EV: 12    Int: 10    God:    Qazlal [......]
Gold:   309        SH:  0    Dex: 14    Spells: 7/7 levels left

rFire    . . .     SeeInvis .   a - +0 quarterstaff
rCold    + . .     Gourm    .   (shield currently unavailable)
rNeg     . . .     Faith    .   t - +0 ring mail
rPois    .         Spirit   .   (helmet restricted)
rElec    .         Reflect  .   (no cloak)
rCorr    .         Harm     .   b - +0 pair of gloves (curse)
MR       .....                  (no boots)
Stlth    +.........             (no amulet)
HPRegen  0.18/turn              (no ring)
MPRegen  0.11/turn              (no ring)

@: hasted, very quick
A: antennae 1, claws 1, cold resistance 1, rot immunity, freezing cloud
immunity, subdued magic 1
a: Renounce Religion


You were on level 5 of the Dungeon.
You worshipped Qazlal.
Qazlal was noncommittal.
You were not hungry.

You visited 1 branch of the dungeon, and saw 6 of its levels.
You also visited: Ossuary.

You collected 309 gold pieces.

Inventory:

Hand Weapons
 a - a +0 quarterstaff (weapon)
Missiles
 d - 3 throwing nets (quivered)
Armour
 b - a cursed +0 pair of gloves (worn)
 c - a +0 helmet
 t - a +0 ring mail (worn)
Scrolls
 g - 2 scrolls of enchant armour {unknown}
 h - 3 scrolls of fog {unknown}
 i - 6 scrolls of teleportation {unknown}
 k - 4 scrolls of remove curse
 m - 5 scrolls of identify {unknown}
 n - 2 scrolls of amnesia {unknown}
 o - a scroll of fear {unknown}
 r - 2 scrolls of magic mapping {unknown}
Potions
 l - a potion of mutation
 p - a potion of flight {unknown}
 q - a potion of degeneration {unknown}
 s - 2 potions of haste
Comestibles
 f - 10 rations


   Skills:
 - Level 2.0 Fighting
 + Level 10.2 Staves
 - Level 1.7 Throwing
 - Level 2.6 Dodging


You had 7 spell levels left.
You didn't know any spells.

Dungeon Overview and Level Annotations

Branches:
Dungeon (6/15)
 Temple: D:4-7

Altars:
Cheibriados
Fedhas
Makhleb
Qazlal
Uskayaw
Yredelemnul


Innate Abilities, Weirdness & Mutations

You have sharp fingernails.
Your flesh is cold resistant. (rC+)
You are immune to rotting.
You are immune to freezing clouds.
You have a pair of small antennae on your head.
Your spells are a little easier to cast, but a little less powerful.


Message History

There is a stone staircase leading up here.
There is a stone staircase leading up here.
The orc warrior hits you with a hand axe!
* * * LOW HITPOINT WARNING * * *
You climb upwards.
There is a stone staircase leading down here.
You feel better.
The orc warrior hits you with a hand axe!
* * * LOW HITPOINT WARNING * * *
You feel better. The orc warrior barely misses you.
You aren't carrying any items that you can evoke.
It was a potion of cancellation.
You feel magically purged.
It was a potion of mutation.
You feel extremely strange.
Your connection to magic feels subdued.
A pair of antennae grows on your head!
Your +0 helmet falls away!
The orc warrior hits you with a hand axe!
* * * LOW HITPOINT WARNING * * *
It was a potion of haste.
You feel yourself speed up.
The orc warrior hits you with a hand axe!
You die...

##_###_####.........##...# #.###
#############....##.#....####....
#..........##....##..........####
#......................#.###.#
#........................###.####
#.........#.##...###...#.#.......
#.........#.##..)......#.###.#.##
..........#.....o>##.....# #.#.#
##........#.#...@###.#.### #.#.#
..........#.#...## #.#.# #.#.#
............#...# #.#.# #.#.#
##..........#...# #.#.# #.#.#
#######'##.....#####.#.# #.#.#
<..............##....#.#####.#.#
...............................#
#######..#.............#####...#
................#.####.#######.#


You could see an orc warrior.

Vanquished Creatures
  Sigmund (D:3)
  A wraith (Ossuary)
  Duvessa (D:5)
  An ice beast (D:5)
  A phantom (D:5)
  2 ogres
  Blork the orc (D:5)
  Dowan (D:5)
  A crimson imp (D:5)
  2 bullfrog zombies
  A hound (D:4)
  2 orc priests
  A bullfrog skeleton (D:6)
  Natasha (thrice) (D:3)
  3 iguanas
  An orc wizard (D:6)
  2 mummies
  4 gnolls
  5 adders
  An ooze (D:2)
  2 adder skeletons (D:4)
  An adder zombie (D:6)
  A worm (D:4)
  5 dart slugs
  7 leopard geckos
  17 orcs
  4 giant cockroaches
  12 goblins
  10 hobgoblins
  12 jackals
  10 kobolds
  A quokka (D:3)
  2 ball pythons
  7 bats
  7 frilled lizards
  6 gnoll skeletons (Ossuary)
  4 kobold skeletons (Ossuary)
  15 orc skeletons (Ossuary)
  4 rats
162 creatures vanquished.

Notes
Turn   | Place    | Note
-------+----------+-------------------------------------------
     0 | D:1      | Axe the Demonspawn Gladiator began the quest for the Orb.
     0 | D:1      | Reached XP level 1. HP: 16/16 MP: 1/1
    36 | D:1      | Reached skill level 3 in Staves
    63 | D:1      | Gained mutation: Your flesh is cold resistant. (rC+) [demonic ancestry]
    63 | D:1      | Reached XP level 2. HP: 16/22 MP: 2/2
   434 | D:1      | Gained mutation: You are immune to rotting. [demonic ancestry]
   434 | D:1      | Reached XP level 3. HP: 22/27 MP: 3/3
   525 | D:1      | Reached skill level 4 in Staves
   845 | D:2      | Reached XP level 4. HP: 21/33 MP: 4/4
  2207 | D:3      | Reached skill level 5 in Staves
  2720 | D:3      | Reached XP level 5. HP: 31/38 MP: 5/5
  2729 | D:3      | HP: 1/38 [orc priest/hand axe (9)]
  3372 | D:3      | Noticed Sigmund
  3375 | D:3      | Noticed Natasha
  3390 | D:3      | Killed Sigmund
  3390 | D:3      | Reached skill level 6 in Staves
  3390 | D:3      | Reached XP level 6. HP: 18/44 MP: 6/6
  3392 | D:3      | Killed Natasha
  3675 | D:3      | Noticed Natasha
  3684 | D:3      | Killed Natasha
  3732 | D:3      | Noticed Natasha
  3750 | D:3      | Killed Natasha
  4124 | D:4      | Reached skill level 7 in Staves
  4282 | D:4      | Found a snail-covered altar of Cheibriados.
  4575 | D:4      | Gained mutation: You are immune to freezing clouds. [demonic ancestry]
  4575 | D:4      | Reached XP level 7. HP: 50/50 MP: 7/7
  4996 | D:5      | Entered Level 5 of the Dungeon
  5105 | D:5      | Reached skill level 8 in Staves
  5302 | D:5      | Found a stormy altar of Qazlal.
  5309 | D:5      | Found a blossoming altar of Fedhas.
  5316 | D:5      | Found a sand-covered staircase.
  5510 | Ossuary  | Entered an ossuary
  5510 | Ossuary  | Noticed a wraith
  5510 | Ossuary  | Noticed a wraith
  5510 | Ossuary  | Noticed a wraith
  5941 | Ossuary  | Noticed a wraith
  5976 | Ossuary  | Killed a wraith
  6209 | D:5      | Found a basalt altar of Yredelemnul.
  6209 | D:5      | Found a burning altar of Makhleb.
  6210 | D:5      | Found a hide-covered altar of Uskayaw.
  6252 | D:5      | Noticed Blork the orc
  6269 | D:5      | HP: 1/50 [Blork the orc/short sword (8)]
  6282 | D:5      | Killed Blork the orc
  6282 | D:5      | Reached skill level 9 in Staves
  6282 | D:5      | Gained mutation: You have sharp fingernails. [demonic ancestry]
  6282 | D:5      | Reached XP level 8. HP: 25/56 MP: 8/8
  6287 | D:5      | Noticed Duvessa
  6478 | D:5      | Noticed Dowan
  6482 | D:5      | Killed Duvessa
  6490 | D:5      | Killed Dowan
  6715 | D:5      | Reached skill level 10 in Staves
  7441 | D:5      | Became a worshipper of Qazlal Stormbringer
  7502 | D:5      | Gained mutation: Your spells are a little easier to cast, but a little less powerful. [potion of mutation]
  7502 | D:5      | Gained mutation: You have a pair of small antennae on your head. [potion of mutation]
  7503 | D:5      | Mangled by an orc warrior

Skill      XL: |  1  2  3  4  5  6  7  8 |
---------------+-------------------------+-----
Staves         | 3 4 5 6 7 9 10 | 10.2
Fighting       | |  2.0
Throwing       | |  1.7
Dodging        | |  2.6

Action                   |  1- 3 |  4- 6 |  7- 9 || total
-------------------------+-------+-------+-------++-------
Melee: Quarterstaff      |   136 |   193 |   320 ||   649
Evoke: Wand              |       |     1 |     5 ||     6
  Use: Scroll            |       |     1 |       ||     1
       Potion            |       |     4 |    10 ||    14
 Stab: Sleeping          |     1 |       |       ||     1
       Paralysed         |       |     4 |    12 ||    16
  Eat: Chunk             |       |    12 |     3 ||    15
       Ration            |       |       |     2 ||     2
Armor: Leather armour    |    47 |    47 |    26 ||   120
       Skin              |       |    27 |    13 ||    40
       Ring mail         |       |       |    22 ||    22
Dodge: Dodged            |   109 |   141 |   138 ||   388
